 Dungeon Crawl Stone Soup version 0.31-a0-705-ga145531891 (webtiles) character file.

Game seed: 4223007808039187998

8 Ofeo the Changeling (level 2, 21/21 HPs)
             Began as a Demonspawn Shapeshifter on Sept 9, 2023.
             Quit the game on level 1 of the Dungeon.
             The game lasted 00:00:21 (554 turns).

Ofeo the Changeling (Demonspawn Shapeshifter)        Turns: 554, Time: 00:00:21

Health: 21/21      AC:  2    Str: 14    XL:     2   Next: 0%
Magic:  2/2        EV: 12    Int: 11    God:
Gold:   22         SH:  0    Dex: 12    Spells: 1/1 levels left

rFire   . .          .
                       - Unarmed
rCold   . . .        (no shield)
rNeg    . . .        a - +0 animal skin
rPois   .            (helmet currently unavailable)
rElec   .            (cloak currently unavailable)
rCorr   .            (gloves currently unavailable)
SInv    .            (boots currently unavailable)
Will    .....        (no amulet)
Stlth   +            (no ring)
HPRegen 0.23/turn    (no ring)
MPRegen 0.08/turn

%: no passive effects
@: beast-form
A: beast (slay +1), powered by pain 1
a: Begin Untransformation


You were on level 1 of the Dungeon.
You were a hulking beast.
You visited 1 branch of the dungeon, and saw 1 of its levels.

You collected 22 gold pieces.

Inventory:

Armour
 a - a +0 animal skin (worn)
Talismans
 c - a beast talisman (active)
 d - a flux talisman
Scrolls
 b - a scroll of enchant weapon {unknown}
 e - a scroll of vulnerability {unknown}
Potions
 l - 2 potions of lignification


   Skills:
 - Level 1.0 Fighting
 - Level 1.7 Dodging
 - Level 2.6 Unarmed Combat
 + Level 3.1 Shapeshifting


You had one spell level left.
You didn't know any spells.
Your spell library was empty.

Dungeon Overview and Level Annotations

Branches:
Dungeon (1/15)

Altars:


Innate Abilities, Weirdness & Mutations

You are a hulking beast.
Your limbs bulge with bestial killing power. (Slay +1)
You sometimes gain a little power by taking damage.


Message History

You miss the bat. The bat misses you. The bat misses you.
You hit the hobgoblin.
The hobgoblin is almost dead.
The bat hits you but does no damage. The hobgoblin barely misses you.
There are monsters nearby!
You closely miss the hobgoblin.
The hobgoblin is almost dead.
The bat hits you but does no damage. The hobgoblin closely misses you.
There are monsters nearby!
You hit the hobgoblin.
You kill the hobgoblin!
The bat hits you.
You take 1 damage, and have 14/15 hp.
A bat is nearby!
The bat misses you.
A bat is nearby!
The bat misses you.
A bat is nearby!
You closely miss the bat. The bat hits you. x2
You take 1 damage, and have 13/15 hp.
A bat is nearby!
The bat hits you but does no damage.
A bat is nearby!
You barely miss the bat. The bat hits you but does no damage. x2
A bat is nearby!
The bat hits you but does no damage.
You hit the bat.
You kill the bat!
You have reached level 2!
Your demonic ancestry asserts itself...
You feel energised by your suffering.
You regained 6 hp, and now have 19/21 hp.
MP restored: 2 No target in view!
You open the door.
There is an open door here.
You see here 5 stones.
e - a scroll labelled ECEUTY ATU Health restored: 21 Are you sure you want to abandon this character and quit the game? (Confirm with "yes".)

## #. #. #. .#
#. .# #)###.#
#.....# #
#.h^.##.#
##.......+
#.#...####
##.#....#
#.###...#
##.#.##.#
#.....# #+#
#.############.#
#.# #.......#


There were no monsters in sight!

Vanquished Creatures
  2 ball pythons (D:1)
  2 hobgoblins (D:1)
  A kobold (D:1)
  A bat (D:1)
  A frilled lizard (D:1)
  A rat (D:1)
8 creatures vanquished.

Notes
Turn   | Place    | Note
-------+----------+-------------------------------------------
     0 | D:1      | Ofeo the Demonspawn Shapeshifter began the quest for the
                  | Orb.
     0 | D:1      | Reached XP level 1. HP: 15/15 MP: 1/1
   273 | D:1      | Reached skill level 3 in Shapeshifting
   497 | D:1      | Gained mutation: You sometimes gain a little power by
                  | taking damage. [demonic ancestry]
   497 | D:1      | Reached XP level 2. HP: 19/21 MP: 2/2
   554 | D:1      | Quit the game

Illustrated notes

Levels and vault maps discovered:
D:1:      ldierk_walled_garden_2, layout_loops_corners

Skill      XL: |  1 |
---------------+----+-----
Shapeshifting  | 3 |  3.1
Fighting       | |  1.0
Dodging        | |  1.7
Unarmed Combat | |  2.6

Action                     || total
---------------------------++-------
  Melee: Unarmed           ||    41
 Armour: Animal skin       ||    29
  Dodge: Dodged            ||    26

Table legend: (Time is in decaauts)
 A = Elapsed time spent in this place.
 B = Non-inter-level travel time spent in this place.
 C = Inter-level travel time spent in this place.
 D = Time resting spent in this place.
 E = Time spent auto-exploring this place.
 F = Levels seen in this place.
 G = Mean time per level.
                   A        B        C        D        E       F      G
               +--------+--------+--------+--------+--------+-----+--------+
         Total |    552 |    552 |      0 |      0 |    479 |   1 |  552.0 |
       Dungeon |    552 |    552 |      0 |      0 |    479 |   1 |  552.0 |
               +--------+--------+--------+--------+--------+-----+--------+

Top non-repeatable levels by time:
     D:1: 552 daAuts
